Map: Tempio ghiacciato

Players

Jhyrachy - Winner!

  • Race: Zerg Zerg
  • League: Gold

Virruss

  • Race: Zerg Zerg

VOD

Have the link to the VOD?

Description

Time

  • Played on: April 11, 2016, 8:15 a.m.
  • Length: 3:16
Show
View Real Time Build Order
Export as new Build Order

Jhyrachy Zerg - Winner!

Build Orders: Pool First 

Get SALT Encoding   

  12  0:02  Drone  
  13  0:16  Drone  
  13  0:20  Overlord  
  14  0:29  Extractor  
  14  0:30  Drone  
  14  0:45  Spawning Pool  
  14  0:47  Drone  
  14  0:48  Drone  
  15  0:56  Drone  
  16  1:07  Drone  
  17  1:14  Overlord  
  17  1:32  Queen  
  19  1:41  Zergling x4  
  19  1:44  Metabolic Boost  
  21  1:47  Zergling x2  
  22  1:59  Zergling x2  
  23  2:08  Zergling x2  
  23  2:36  Zergling x4  
  21  2:44  Zergling x2  
  21  2:45  Zergling x6  
  25  2:56  Zergling x2  
  28  3:11  Hatchery  
Show
View Real Time Build Order
Export as new Build Order

Virruss Zerg 

Build Orders: Pool Only 

Get SALT Encoding   

  12  0:01  Drone  
  13  0:25  Spawning Pool  
  13  0:27  Drone  
  13  0:32  Drone  
  14  0:40  Overlord  
  14  0:57  Extractor  
  14  0:58  Drone  
  14  1:12  Zergling x2  
  14  1:13  Zergling x4  
  17  1:18  Queen  
  17  1:25  Zergling x2  
  20  1:36  Zergling x2  
  21  1:50  Zergling x2  
  22  2:03  Overlord  
  22  2:15  Spine Crawler x2  
  20  2:17  Spine Crawler  
  15  2:44  Zergling x12  
  21  3:01  Drone  
Tags
 
Add a new tag
Caveats
  • Supply blocks, unpowered buildings, or Contaminate may cause inaccurate times.
  • Supply counts are checked every 10 seconds.